 Dungeon Crawl Stone Soup version 0.31-a0-200-gbc41564c69 (webtiles) character file.

Game seed: 912059790586162277

99 qw the Shooter (level 4, -3/25 HPs)
             Began as a Deep Elf Hunter on June 25, 2023.
             Slain by a gnoll
             ... wielding a +0 halberd
              (5 damage)
             ... on level 3 of the Dungeon.
             The game lasted 00:00:56 (2104 turns).

qw the Shooter (Deep Elf Hunter)                    Turns: 2104, Time: 00:00:56

Health: -3/25      AC:  6    Str: 10    XL:     4   Next: 45%
Magic:  6/6        EV: 11    Int: 14    God:
Gold:   42         SH:  0    Dex: 18    Spells: 3/3 levels left

rFire   . . .        Y - +0 shortbow
rCold   . . .        (shield currently unavailable)
rNeg    . . .        m - +0 ring mail
rPois   .            l - +0 helmet
rElec   .            i - scarf {repulsion}
rCorr   .            (no gloves)
SInv    .            (no boots)
Will    .....        (no amulet)
Stlth   +            (no ring)
HPRegen 0.24/turn    (no ring)
MPRegen 0.10/turn

%: repel missiles
@: no status effects
A: no striking features
a: no special abilities


You were on level 3 of the Dungeon.
You visited 1 branch of the dungeon, and saw 3 of its levels.

You collected 105 gold pieces.
You spent 63 gold pieces at shops.


   Skills:
 - Level 1.5 Fighting
 + Level 7.9 Ranged Weapons
 - Level 2.4 Dodging
 - Level 1.2 Stealth


You had 3 spell levels left.
You didn't know any spells.
Your spell library was empty.

Inventory:

Hand Weapons
 Y - a +0 shortbow (weapon)
Armour
 i - a scarf of repulsion (worn)
 l - a +0 helmet (worn)
 m - a +0 ring mail (worn)
Jewellery
 e - a ring of fire
 h - a ring of fire
Scrolls
 a - a scroll of identify
Potions
 f - a potion of degeneration {unknown}
 j - a potion of heal wounds {unknown}
 k - a potion of curing {unknown}

Dungeon Overview and Level Annotations

Branches:
Dungeon (3/15)

Altars:
The Shining One

Shops:
D:2 *


Message History

You kill the adder!
A gnoll comes into view. It is wielding a +0 halberd.
2093 ||| Stepping ~*~*~tactically~*~*~ (outnumbered).
You shoot an arrow.
The arrow hits the hobgoblin but does no damage.
You shoot an arrow. The arrow barely misses the hobgoblin.
The hobgoblin hits you but does no damage.
The hobgoblin barely misses you.
You shoot an arrow. The arrow hits the hobgoblin.
The hobgoblin is lightly wounded.
The frilled lizard bites you but does no damage.
The hobgoblin hits you.
You shoot an arrow. The arrow barely misses the hobgoblin.
The frilled lizard bites you but does no damage.
The hobgoblin hits you but does no damage.
You shoot an arrow. The arrow hits the hobgoblin!
You kill the hobgoblin!
The gnoll closely misses you.
The frilled lizard bites you but does no damage.
You shoot an arrow. The arrow hits the frilled lizard.
You kill the frilled lizard!
The gnoll hits you from afar with a +0 halberd.
You shoot an arrow. The arrow hits the gnoll!
The gnoll is heavily wounded.
The gnoll hits you but does no damage.
The gnoll hits you from afar with a +0 halberd!
You shoot an arrow. The arrow hits the gnoll!
You kill the gnoll!
The gnoll hits you from afar with a +0 halberd.
You shoot an arrow.
The arrow hits the gnoll but does no damage.
The gnoll closely misses you. The gnoll barely misses you. x2
The gnoll closely misses you. x2
You shoot an arrow. The arrow completely misses the gnoll.
The gnoll hits you from afar with a +0 halberd!
The gnoll barely misses you. x2
You shoot an arrow. The arrow hits the gnoll.
The gnoll is lightly wounded.
The gnoll hits you from afar with a +0 halberd.
You die...

...).##..####..####...##.#
#.<.........## #...^..#
#....#.###### ##....###
#...##.# #.#....###
#<..##.# ##.#......#
#...#..# ###....###....
#.....## #.....## ##.
#....# ##..#### ####.#
##@.## #.g.# #g#g# .....#
###..## ...g ..... .....g
#....g.


You could see 3 gnolls.

Vanquished Creatures
  A gnoll (D:3)
  3 adders
  A dart slug (D:3)
  3 orcs
  7 endoplasms (D:1)
  4 giant cockroaches
  6 goblins
  6 hobgoblins
  5 kobolds
  A quokka (D:2)
  4 ball pythons
  3 bats (D:2)
  3 frilled lizards
  7 rats
54 creatures vanquished.

Notes
Turn   | Place    | Note
-------+----------+-------------------------------------------
     0 | D:1      | qw the Deep Elf Hunter began the quest for the Orb.
     0 | D:1      | Reached XP level 1. HP: 12/12 MP: 3/3
     0 | D:1      | 0 ||| qw: Version: 0.3-a-22-g0ed2b0b
     0 | D:1      | 0 ||| qw: Game counter: 5642
     0 | D:1      | 0 ||| qw: Melee chars always use a shield: true
     0 | D:1      | 0 ||| qw: God list: Okawaru
     0 | D:1      | 0 ||| qw: Allow faded altars: false
     0 | D:1      | 0 ||| qw: Do Orc after clearing Dungeon:15 true
     0 | D:1      | 0 ||| qw: Do second Lair branch before Depths: true
     0 | D:1      | 0 ||| qw: Lair rune preference: random
     0 | D:1      | 0 ||| qw: Goals: Normal
     0 | D:1      | 0 ||| PLANNING D:1-11
   175 | D:1      | Reached skill level 6 in Ranged Weapons
   175 | D:1      | Reached XP level 2. HP: 15/16 MP: 4/4
   566 | D:1      | 566 ||| UPGRADING to scarf of repulsion.
   571 | D:1      | 571 ||| READING 2 scrolls labelled XEUZ COEHESM.
   572 | D:1      | 572 ||| READING scroll labelled IGEDUHUPTO.
   575 | D:1      | 575 ||| READING scroll labelled VENGAT BIETIWE.
   576 | D:1      | 576 ||| DRINKING 2 fuming clear potions.
   681 | D:1      | 681 ||| DROPPING scroll of butterflies.
   682 | D:1      | 682 ||| DROPPING potion of berserk rage.
   733 | D:2      | Reached XP level 3. HP: 20/20 MP: 5/5
   945 | D:2      | Reached skill level 7 in Ranged Weapons
  1234 | D:2      | Found Geageny's General Store.
  1238 | D:2      | 1238 ||| BUYING +0 helmet (63 gold).
  1238 | D:2      | Bought a +0 helmet for 63 gold pieces
  1238 | D:2      | 1238 ||| SHOPLISTING scroll of identify (28 gold, have 10).
  1483 | D:2      | Found a faded altar of an unknown god.
  1583 | D:2      | 1583 ||| UPGRADING to +0 helmet.
  1588 | D:2      | 1588 ||| UPGRADING to +0 ring mail.
  1598 | D:2      | 1598 ||| DROPPING +0 leather armour.
  1599 | D:2      | 1599 ||| READING scroll labelled FECUAXZUIWN.
  1600 | D:2      | 1600 ||| READING scroll labelled YLOYSO HEITUNG.
  1701 | D:2      | 1701 ||| READING 2 scrolls of identify.
  1701 | D:2      | 1701 ||| IDENTIFYING fizzy orange potion
  1702 | D:2      | 1702 ||| DROPPING potion of lignification.
  1720 | D:3      | Reached XP level 4. HP: 16/25 MP: 6/6
  1720 | D:3      | 1720 ||| STAIRDANCE
  1727 | D:2      | HP: 3/25 [orc priest/+0 hand axe (4)]
  1728 | D:2      | 1728 ||| READING scroll of teleportation.
  1760 | D:2      | 1760 ||| FLEEEEING.
  1761 | D:2      | 1761 ||| FLEEEEING.
  1762 | D:2      | 1762 ||| FLEEEEING.
  1763 | D:2      | 1763 ||| FLEEEEING.
  1764 | D:2      | 1764 ||| FLEEEEING.
  1770 | D:2      | 1770 ||| FLEEEEING.
  1776 | D:2      | 1776 ||| FLEEEEING.
  1777 | D:2      | 1777 ||| FLEEEEING.
  1778 | D:2      | 1778 ||| FLEEEEING.
  1782 | D:2      | 1782 ||| FLEEEEING.
  1783 | D:2      | 1783 ||| FLEEEEING.
  1787 | D:2      | 1787 ||| FLEEEEING.
  1788 | D:2      | 1788 ||| FLEEEEING.
  1789 | D:2      | 1789 ||| FLEEEEING.
  1790 | D:2      | 1790 ||| FLEEEEING.
  1791 | D:2      | 1791 ||| FLEEEEING.
  1792 | D:2      | 1792 ||| FLEEEEING.
  1793 | D:2      | 1793 ||| FLEEEEING.
  1794 | D:2      | 1794 ||| FLEEEEING.
  1795 | D:2      | 1795 ||| FLEEEEING.
  1796 | D:2      | 1796 ||| FLEEEEING.
  1797 | D:2      | 1797 ||| FLEEEEING.
  1798 | D:2      | 1798 ||| FLEEEEING.
  1799 | D:2      | 1799 ||| FLEEEEING.
  1800 | D:2      | 1800 ||| FLEEEEING.
  1801 | D:2      | 1801 ||| FLEEEEING.
  1802 | D:2      | 1802 ||| FLEEEEING.
  1803 | D:2      | 1803 ||| FLEEEEING.
  1804 | D:2      | 1804 ||| FLEEEEING.
  1805 | D:2      | 1805 ||| FLEEEEING.
  1806 | D:2      | 1806 ||| FLEEEEING.
  1837 | D:3      | 1837 ||| STAIRDANCE
  1893 | D:3      | Found a glowing golden altar of the Shining One.
  2093 | D:3      | 2093 ||| Stepping ~*~*~tactically~*~*~ (outnumbered).
  2103 | D:3      | HP: 1/25 [gnoll/+0 halberd (9)]
  2104 | D:3      | Slain by a gnoll

Levels and vault maps discovered:
D:1:      reono_arrival_mine, layout_loops_ring
D:2:      layout_loops_corners, hellmonk_ecumenical_altar_pennies_from_heaven,
          serial_shops, nicolae_shop_back_alley_shop,
          wad_floor_pattern_untrapped, minmay_misc_feat_four_crosses,
          columned_hall_lemuel
D:3:      layout_rooms, slow_altar_1, nicolae_overflow_crystal_walls,
          st_stairs_5

Skill      XL: |  1  2  3 |
---------------+----------+-----
Ranged Weapons | 6 7 |  7.9
Fighting       | |  1.5
Dodging        | |  2.4
Stealth        | |  1.2

Action                     |  1- 3 |  4- 6 || total
---------------------------+-------+-------++-------
   Fire: Shortbow          |   115 |    46 ||   161
    Use: Scroll            |     6 |     1 ||     7
         Potion            |     1 |       ||     1
 Armour: Leather armour    |     6 |       ||     6
         Ring mail         |     2 |    16 ||    18
  Dodge: Dodged            |    21 |    30 ||    51
         Repelled          |       |     1 ||     1

Table legend:
 A = Non-vault XP
 B = Vault XP
 C = Vault XP percentage of total XP
 D = Non-vault monster count
 E = Vault monster count
 F = Vault count percentage of total count
                 A         B        C        D         E       F
            +---------+---------+-------+---------+---------+-------
      Total |     126 |      16 |  11.3 |      51 |       3 |   5.6
            +---------+---------+-------+---------+---------+-------
        D:1 |      39 |       0 |   0.0 |      23 |       0 |   0.0
        D:2 |      61 |       0 |   0.0 |      22 |       0 |   0.0
        D:3 |      26 |      16 |  38.1 |       6 |       3 |  33.3
            +---------+---------+-------+---------+---------+-------
